[Event "Slovakia Open Piestany-A 2022"]
[Site "Piestany"]
[Date "2022.07.13"]
[Round "3.2"]
[White "Hrbek, Stepan"]
[Black "Omelja, Artem"]
[Result "0-1"]
[ECO "D37"]
[WhiteElo "2272"]
[BlackElo "2478"]
[Annotator "ChessBase"]
[PlyCount "76"]
[EventDate "2022.07.12"]
[EventType "swiss"]
[EventCountry "SVK"]
[SourceTitle "playchess.com"]
[Source "ChessBase"]
[SourceQuality "1"]
[TimeControl "40/5400+30:1800+30"]

1. d4 d5 2. c4 e6 3. Nc3 Be7 4. Nf3 Nf6 5. Bf4 O-O 6. e3 b6 7. Bd3 dxc4 8. Bxc4 Ba6 9. Bxa6 Nxa6 10. Qe2 Qc8 11. O-O Qb7 12. a3 c5 13. Rac1 Rac8 14. Rc2 Nd5 15. Nxd5 exd5 16. dxc5 bxc5 17. Be5 Rfd8 18. Rd1 c4 19. Bd4 Nc7 20. h3 Ne6 21. Qe1 a6 22. Qa5 Nxd4 23. Nxd4 Bf6 24. Rdd2 g6 25. Ne2 Rb8 26. Qc5 Qb5 27. Qc7 Rb7 28. Qf4 Kg7 29. Qf3 Rbd7 30. Nd4 Qa4 31. Ne2 h5 32. g4 hxg4 33. hxg4 Qc6 34. Rc1 Be5 35. Kg2 Qe6 36. Nf4 Qf6 37. Rcc2 Bxb2 38. Nxd5 Qxf3+ 0-1

[Event "Slovakia Open Piestany-A 2022"]
[Site "Piestany"]
[Date "2022.07.13"]
[Round "3.3"]
[White "Kozak, Antoni"]
[Black "Gretarsson, Helgi Ass"]
[Result "1-0"]
[ECO "A09"]
[WhiteElo "2475"]
[BlackElo "2472"]
[Annotator "ChessBase"]
[PlyCount "77"]
[EventDate "2022.07.12"]
[EventType "swiss"]
[EventCountry "SVK"]
[SourceTitle "playchess.com"]
[Source "ChessBase"]
[SourceQuality "1"]
[TimeControl "40/5400+30:1800+30"]

1. Nf3 d5 2. e3 Nf6 3. c4 dxc4 4. Bxc4 e6 5. b3 c5 6. Bb2 a6 7. Be2 Nc6 8. d3 Be7 9. Nbd2 O-O 10. a3 b6 11. Qc2 Bb7 12. Rg1 Nd5 13. g4 Bf6 14. g5 Bxb2 15. Qxb2 a5 16. h4 f5 17. gxf6 Qxf6 18. Qxf6 Rxf6 19. Ng5 Ba6 20. Rc1 Nd8 21. Nc4 Ra7 22. Bg4 Re7 23. Ke2 Rh6 24. h5 e5 25. Bf3 Nf6 26. Kd2 Bxc4 27. bxc4 Nf7 28. Rb1 Nxg5 29. Rxg5 e4 30. dxe4 Nxe4+ 31. Bxe4 Rxe4 32. Kd3 Rh4 33. Rbg1 Rd6+ 34. Kc3 Rd7 35. Rb1 h6 36. Rd5 Rf7 37. Rxb6 Rxf2 38. Rxc5 Ra2 39. Rxa5 1-0

[Event "Slovakia Open Piestany-A 2022"]
[Site "Piestany"]
[Date "2022.07.13"]
[Round "3.4"]
[White "Demchenko, Anton"]
[Black "Samunenkov, Ihor"]
[Result "1-0"]
[ECO "B30"]
[WhiteElo "2653"]
[BlackElo "2448"]
[Annotator "ChessBase"]
[PlyCount "71"]
[EventDate "2022.07.12"]
[EventType "swiss"]
[EventCountry "SVK"]
[SourceTitle "playchess.com"]
[Source "ChessBase"]
[SourceQuality "1"]
[TimeControl "40/5400+30:1800+30"]

1. e4 c5 2. Nf3 Nc6 3. Bb5 e6 4. Bxc6 bxc6 5. d3 Ne7 6. Qe2 d6 7. e5 Nf5 8. exd6 Bxd6 9. Nbd2 O-O 10. c3 e5 11. Ne4 Re8 12. g4 Ne7 13. Nfd2 Nd5 14. Nc4 Bf8 15. h4 Qd7 16. Rg1 Ba6 17. Be3 Nf4 18. Bxf4 Bxc4 19. dxc4 exf4 20. f3 Kh8 21. Rd1 Qe7 22. h5 f5 23. gxf5 Qh4+ 24. Kd2 Qxh5 25. f6 g6 26. Kc2 Qf5 27. Qd3 h6 28. Qd7 Rxe4 29. fxe4 Qxe4+ 30. Qd3 Qxd3+ 31. Kxd3 g5 32. Ke4 Kg8 33. Kf5 Rb8 34. Kg6 Rb7 35. Rd8 Rf7 36. Re1 1-0

[Event "Slovakia Open Piestany-A 2022"]
[Site "Piestany"]
[Date "2022.07.13"]
[Round "3.5"]
[White "Donchenko, Alexander"]
[Black "Favaloro, Andrea"]
[Result "1-0"]
[ECO "E04"]
[WhiteElo "2640"]
[BlackElo "2361"]
[Annotator "ChessBase"]
[PlyCount "89"]
[EventDate "2022.07.12"]
[EventType "swiss"]
[EventCountry "SVK"]
[SourceTitle "playchess.com"]
[Source "ChessBase"]
[SourceQuality "1"]
[TimeControl "40/5400+30:1800+30"]

1. c4 e6 2. g3 d5 3. Bg2 Nf6 4. d4 dxc4 5. Qa4+ Bd7 6. Qxc4 c5 7. dxc5 Bc6 8. Nf3 Nbd7 9. Be3 Bd5 10. Qc2 Be4 11. Qc1 Bxc5 12. Bxc5 Rc8 13. b4 b6 14. Nc3 bxc5 15. b5 Qa5 16. O-O Bxf3 17. Bxf3 Ne5 18. Bb7 Rc7 19. Bg2 O-O 20. Rd1 Rd7 21. Rxd7 Nexd7 22. a4 Nb6 23. Qd2 c4 24. Ne4 Qxd2 25. Nxd2 c3 26. Nb3 Rd8 27. a5 c2 28. Ra2 Nc4 29. Rxc2 Na3 30. Rc5 Nd7 31. Rc3 Nxb5 32. Rd3 Nc7 33. Bc6 Nd5 34. Bxd5 Ne5 35. Bc4 Nxd3 36. exd3 Kf8 37. f4 Ke7 38. Kf2 Kd6 39. Ke3 Rb8 40. Kd4 h6 41. h4 f6 42. a6 g5 43. hxg5 hxg5 44. fxg5 fxg5 45. Nd2 1-0

[Event "Slovakia Open Piestany-A 2022"]
[Site "Piestany"]
[Date "2022.07.13"]
[Round "3.6"]
[White "Schitco, Ivan"]
[Black "Czerw, Dawid"]
[Result "1-0"]
[ECO "B44"]
[WhiteElo "2490"]
[BlackElo "2391"]
[Annotator "ChessBase"]
[PlyCount "113"]
[EventDate "2022.07.12"]
[EventType "swiss"]
[EventCountry "SVK"]
[SourceTitle "playchess.com"]
[Source "ChessBase"]
[SourceQuality "1"]
[TimeControl "40/5400+30:1800+30"]

1. c4 Nf6 2. Nc3 c5 3. Nf3 Nc6 4. d4 cxd4 5. Nxd4 e6 6. e4 Bb4 7. Nxc6 bxc6 8. Bd3 e5 9. O-O Bc5 10. Re1 O-O 11. Be3 Bxe3 12. Rxe3 Qe7 13. Qd2 Rd8 14. Rf1 d6 15. Be2 Be6 16. f4 exf4 17. Rxf4 Nd7 18. Nd5 cxd5 19. exd5 Ne5 20. dxe6 Qxe6 21. b3 Qe7 22. Bf3 Rac8 23. Bd5 Rf8 24. Qf2 g6 25. g4 Kg7 26. Qg3 f6 27. h4 Qc7 28. Re2 Rce8 29. Ref2 Qc5 30. Kg2 Nd7 31. Qc3 Re3 32. Qd4 Ne5 33. Rd2 Qxd4 34. Rdxd4 f5 35. gxf5 gxf5 36. Kf2 Rc3 37. Ke2 Ng4 38. Kd2 Rh3 39. Be6 Rxh4 40. Rxd6 Rh2+ 41. Kc3 Rxa2 42. c5 Nf6 43. Bxf5 Re8 44. c6 Re3+ 45. Bd3 Re6 46. Rxe6 Nd5+ 47. Kd4 Nxf4 48. Re7+ Kf6 49. c7 Kxe7 50. c8=Q Nxd3 51. Kxd3 Kd6 52. b4 Ra3+ 53. Kc4 h5 54. Qc5+ Kd7 55. b5 Ra2 56. Kb3 Ra5 57. Kb4 1-0

[Event "Slovakia Open Piestany-A 2022"]
[Site "Piestany"]
[Date "2022.07.13"]
[Round "3.7"]
[White "Sahidi, Samir"]
[Black "Farkas, Gabor"]
[Result "1-0"]
[ECO "D32"]
[WhiteElo "2462"]
[BlackElo "2335"]
[Annotator "ChessBase"]
[PlyCount "75"]
[EventDate "2022.07.12"]
[EventType "swiss"]
[EventCountry "SVK"]
[SourceTitle "playchess.com"]
[Source "ChessBase"]
[SourceQuality "1"]
[TimeControl "40/5400+30:1800+30"]

1. d4 d5 2. c4 e6 3. Nf3 c5 4. cxd5 exd5 5. Nc3 Nc6 6. Bg5 Be7 7. Bxe7 Ngxe7 8. dxc5 d4 9. Ne4 O-O 10. Rc1 Qd5 11. Nd6 Qxa2 12. Qd2 Nf5 13. Nxc8 Raxc8 14. g3 Rfe8 15. Bh3 d3 16. Qxd3 Qxb2 17. O-O Nfd4 18. Nxd4 Nxd4 19. Rb1 Nxe2+ 20. Kg2 Qc3 21. Qxc3 Nxc3 22. Bxc8 Rxc8 23. Rxb7 g6 24. Rc1 Rxc5 25. Rxa7 Ne4 26. Rxc5 Nxc5 27. Kf3 Ne6 28. Ke4 Kg7 29. f4 h5 30. f5 Ng5+ 31. Kf4 Nh7 32. Ke5 g5 33. Ra6 Nf8 34. Rd6 Nh7 35. f6+ Kg6 36. Rd8 g4 37. Rg8+ Kh6 38. Kf5 1-0

[Event "Slovakia Open Piestany-A 2022"]
[Site "Piestany"]
[Date "2022.07.13"]
[Round "3.8"]
[White "Haring, Filip"]
[Black "Turcan, Richard"]
[Result "1/2-1/2"]
[ECO "B77"]
[WhiteElo "2451"]
[BlackElo "2304"]
[Annotator "ChessBase"]
[PlyCount "60"]
[EventDate "2022.07.12"]
[EventType "swiss"]
[EventCountry "SVK"]
[SourceTitle "playchess.com"]
[Source "ChessBase"]
[SourceQuality "1"]
[TimeControl "40/5400+30:1800+30"]

1. e4 c5 2. Nf3 d6 3. d4 cxd4 4. Nxd4 Nf6 5. Nc3 g6 6. Be3 Bg7 7. f3 O-O 8. Qd2 Nc6 9. Bc4 Bd7 10. Bb3 Na5 11. O-O-O Rb8 12. Kb1 b5 13. Bh6 Nc4 14. Qc1 Bxh6 15. Qxh6 a5 16. h4 a4 17. Bxc4 bxc4 18. a3 Qb6 19. Qc1 Rb7 20. Ka1 Rfb8 21. Na2 Qc5 22. Rd2 Rxb2 23. Qxb2 Rxb2 24. Kxb2 e5 25. Ne2 d5 26. exd5 Nxd5 27. Rhd1 Be6 28. Nec3 Qb6+ 29. Kc1 Nxc3 30. Nxc3 Qe3 1/2-1/2

[Event "Slovakia Open Piestany-A 2022"]
[Site "Piestany"]
[Date "2022.07.13"]
[Round "3.9"]
[White "Piesik, Piotr"]
[Black "Bochnicka, Vladimir"]
[Result "1-0"]
[ECO "B30"]
[WhiteElo "2440"]
[BlackElo "2295"]
[Annotator "ChessBase"]
[PlyCount "67"]
[EventDate "2022.07.12"]
[EventType "swiss"]
[EventCountry "SVK"]
[SourceTitle "playchess.com"]
[Source "ChessBase"]
[SourceQuality "1"]
[TimeControl "40/5400+30:1800+30"]

1. Nf3 c5 2. e4 Nc6 3. Bb5 Nf6 4. Nc3 g6 5. h3 Bg7 6. e5 Ng8 7. O-O Nxe5 8. Nxe5 Bxe5 9. Re1 Bg7 10. d4 cxd4 11. Nd5 a6 12. Bf4 e6 13. Nc7+ Ke7 14. Nd5+ Ke8 15. Bd6 Qg5 16. Qf3 f5 17. Bc4 Kf7 18. Nb6 Nf6 19. Bf4 Qh5 20. Qb3 g5 21. Be5 d5 22. Be2 g4 23. Nxa8 b5 24. Bxd4 Bb7 25. Nc7 Ne4 26. Bxg7 Rg8 27. Nxe6 Qg6 28. Nf4 Qd6 29. Nh5 Qg6 30. hxg4 fxg4 31. Bd3 Qxh5 32. Rxe4 Rxg7 33. Rae1 Kf8 34. Qb4+ 1-0

[Event "Slovakia Open Piestany-A 2022"]
[Site "Piestany"]
[Date "2022.07.13"]
[Round "3.10"]
[White "Niedbala, Bartlomiej"]
[Black "Moksh Amit Doshi"]
[Result "1-0"]
[ECO "C88"]
[WhiteElo "2381"]
[BlackElo "2409"]
[Annotator "ChessBase"]
[PlyCount "75"]
[EventDate "2022.07.12"]
[EventType "swiss"]
[EventCountry "SVK"]
[SourceTitle "playchess.com"]
[Source "ChessBase"]
[SourceQuality "1"]
[TimeControl "40/5400+30:1800+30"]

1. e4 e5 2. Nf3 Nc6 3. Bb5 a6 4. Ba4 Nf6 5. O-O Be7 6. Re1 b5 7. Bb3 O-O 8. a4 Bb7 9. d3 d6 10. Bd2 Qd7 11. Nc3 Na5 12. Ba2 b4 13. Ne2 c5 14. Ng3 Rab8 15. Nh4 g6 16. Bh6 Rfe8 17. Nhf5 Bd8 18. Ng7 Rf8 19. N7f5 Re8 20. Ng7 Rf8 21. h3 b3 22. cxb3 Nc6 23. Qc1 Ba5 24. N7h5 Nxh5 25. Nxh5 Qe7 26. Bg5 f6 27. Nxf6+ Kh8 28. Ng4 Qd7 29. Rf1 Nd4 30. Kh1 Bd8 31. Bh6 Re8 32. f4 Ne2 33. Qe1 Nxf4 34. Rxf4 exf4 35. Qc3+ Kg8 36. b4+ d5 37. exd5 cxb4 38. d6+ 1-0

[Event "Slovakia Open Piestany-A 2022"]
[Site "Piestany"]
[Date "2022.07.13"]
[Round "3.12"]
[White "Krasenkow, Michal"]
[Black "Sharma Isha"]
[Result "0-1"]
[ECO "E92"]
[WhiteElo "2569"]
[BlackElo "2236"]
[Annotator "ChessBase"]
[PlyCount "74"]
[EventDate "2022.07.12"]
[EventType "swiss"]
[EventCountry "SVK"]
[SourceTitle "playchess.com"]
[Source "ChessBase"]
[SourceQuality "1"]
[TimeControl "40/5400+30:1800+30"]

1. Nf3 Nf6 2. c4 g6 3. Nc3 Bg7 4. e4 d6 5. d4 O-O 6. Be2 e5 7. d5 a5 8. h3 Na6 9. Bg5 Qe8 10. g4 Kh8 11. Be3 Nxe4 12. Nxe4 f5 13. Neg5 h6 14. Ne6 Bxe6 15. dxe6 f4 16. Bc1 Qxe6 17. Nd2 e4 18. f3 e3 19. Ne4 Qe7 20. h4 Rad8 21. h5 c6 22. g5 d5 23. cxd5 cxd5 24. gxh6 dxe4 25. hxg7+ Kxg7 26. Qb3 Qg5 27. Kf1 Nc5 28. Qc3+ Rf6 29. hxg6 Rh8 30. Rg1 Qh4 31. Bxe3 fxe3 32. Qxe3 Nd3 33. Bxd3 Rxf3+ 34. Qxf3 exf3 35. Rc1 Qh3+ 36. Ke1 f2+ 37. Kxf2 Rf8+ 0-1

[Event "Slovakia Open Piestany-A 2022"]
[Site "Piestany"]
[Date "2022.07.13"]
[Round "3.13"]
[White "Delgerdalai, Bayarjavkhlan"]
[Black "Neugebauer, Martin"]
[Result "0-1"]
[ECO "E14"]
[WhiteElo "2209"]
[BlackElo "2528"]
[Annotator "ChessBase"]
[PlyCount "102"]
[EventDate "2022.07.12"]
[EventType "swiss"]
[EventCountry "SVK"]
[SourceTitle "playchess.com"]
[Source "ChessBase"]
[SourceQuality "1"]
[TimeControl "40/5400+30:1800+30"]

1. d4 Nf6 2. c4 e6 3. Nf3 d5 4. e3 Be7 5. b3 O-O 6. Bd3 b6 7. Bb2 Bb7 8. O-O c5 9. Nc3 Nbd7 10. Qe2 cxd4 11. exd4 Re8 12. Rfe1 a6 13. Rad1 Nf8 14. Ne5 Ng6 15. Nxg6 hxg6 16. Qe3 Rc8 17. Ne2 Bb4 18. Rf1 Bd6 19. Qg5 Bb8 20. Ng3 Qd7 21. h4 Qc6 22. Ne2 Qc7 23. f4 dxc4 24. bxc4 Be4 25. c5 Qb7 26. Ba1 bxc5 27. dxc5 Rxc5 28. Qg3 Bxd3 29. Qxd3 Rd5 30. Qf3 Ba7+ 31. Kh2 Qd7 32. Nc3 Rxd1 33. Rxd1 Qc7 34. Ne4 Nd5 35. Be5 Qe7 36. Kh3 f6 37. Bd6 Qd7 38. Bc5 f5 39. Nd6 Bxc5 40. Nxe8 Bf8 41. Re1 Kf7 42. h5 Kxe8 43. hxg6 Bb4 44. Re2 Ke7 45. a3 Bc3 46. g3 Qb5 47. Rc2 Qb1 48. Qd3 Qh1+ 49. Rh2 Qe4 50. Qd1 Qe3 51. Qf1 Kf6 0-1

[Event "Slovakia Open Piestany-A 2022"]
[Site "Piestany"]
[Date "2022.07.13"]
[Round "3.14"]
[White "Sevcikova, Lucia"]
[Black "Stefansson, Vignir Vatnar"]
[Result "0-1"]
[ECO "D35"]
[WhiteElo "2036"]
[BlackElo "2461"]
[Annotator "ChessBase"]
[PlyCount "108"]
[EventDate "2022.07.12"]
[EventType "swiss"]
[EventCountry "SVK"]
[SourceTitle "playchess.com"]
[Source "ChessBase"]
[SourceQuality "1"]
[TimeControl "40/5400+30:1800+30"]

1. d4 Nf6 2. c4 e6 3. Nc3 d5 4. cxd5 exd5 5. Bg5 c6 6. e3 Bd6 7. Bd3 O-O 8. Qc2 h6 9. Bh4 a5 10. Bg3 Re8 11. Nf3 Bxg3 12. hxg3 Nbd7 13. O-O Ng4 14. a3 Ndf6 15. b4 b5 16. Ne2 Bd7 17. Nf4 g5 18. Ne2 Ne4 19. Bxe4 dxe4 20. Nd2 axb4 21. axb4 Rxa1 22. Rxa1 Qf6 23. Rf1 Qg6 24. Ra1 Qf5 25. Rf1 Qg6 26. Ra1 h5 27. Nf1 Qf5 28. Nc3 Be6 29. Nd1 Bd5 30. Nb2 Kg7 31. f3 Nh6 32. f4 Ng4 33. Qe2 Rh8 34. Nh2 Nf6 35. Ra6 Rh6 36. Ra7 Rg6 37. Ra1 Be6 38. Rf1 Nd5 39. Qxh5 Nxe3 40. Rf2 gxf4 41. Qxf5 Nxf5 42. gxf4 Nxd4 43. Nd1 Rg3 44. Nf1 Rb3 45. Rb2 Rxb2 46. Nxb2 Nc2 47. Kf2 Nxb4 48. Ke3 f5 49. Kd4 Kf6 50. Kc5 Nd5 51. Nd1 Nxf4 52. Kxc6 Nxg2 53. Kxb5 Ke5 54. Kb4 Kd4 0-1

[Event "Slovakia Open Piestany-A 2022"]
[Site "Piestany"]
[Date "2022.07.13"]
[Round "3.15"]
[White "Marek, Matyas"]
[Black "Mullick, Raahil"]
[Result "1/2-1/2"]
[ECO "B90"]
[WhiteElo "2354"]
[BlackElo "2237"]
[Annotator "ChessBase"]
[PlyCount "38"]
[EventDate "2022.07.12"]
[EventType "swiss"]
[EventCountry "SVK"]
[SourceTitle "playchess.com"]
[Source "ChessBase"]
[SourceQuality "1"]
[TimeControl "40/5400+30:1800+30"]

1. e4 c5 2. Nf3 d6 3. d4 cxd4 4. Nxd4 Nf6 5. Nc3 a6 6. Bd3 e5 7. Nde2 Be7 8. O-O Nbd7 9. Ng3 Nc5 10. Be2 Be6 11. Be3 O-O 12. b4 Ncd7 13. Nd5 Bxd5 14. exd5 a5 15. Rb1 axb4 16. Rxb4 Rxa2 17. Bc4 Ra5 18. Rxb7 Qc8 19. Rb4 Nc5 1/2-1/2

[Event "Slovakia Open Piestany-A 2022"]
[Site "Piestany"]
[Date "2022.07.13"]
[Round "3.16"]
[White "Dixit, Nikhil"]
[Black "Matras, Ondrej"]
[Result "1-0"]
[ECO "C11"]
[WhiteElo "2325"]
[BlackElo "2229"]
[Annotator "ChessBase"]
[PlyCount "107"]
[EventDate "2022.07.12"]
[EventType "swiss"]
[EventCountry "SVK"]
[SourceTitle "playchess.com"]
[Source "ChessBase"]
[SourceQuality "1"]
[TimeControl "40/5400+30:1800+30"]

1. e4 e6 2. Nc3 d5 3. Nf3 Nf6 4. e5 Nfd7 5. d4 c5 6. dxc5 Bxc5 7. Bd3 Nc6 8. Bf4 a6 9. Qe2 Bb4 10. O-O Nc5 11. Bg5 Qc7 12. a3 Bxc3 13. bxc3 Bd7 14. Qe3 Nxd3 15. cxd3 h6 16. Bh4 O-O 17. Rfe1 Rfc8 18. h3 Be8 19. Nd4 Nxd4 20. cxd4 Ba4 21. Rab1 Qd7 22. Rb6 Rc6 23. Rxc6 Bxc6 24. Qf4 Kf8 25. Re3 Rc8 26. Rg3 Qc7 27. Bf6 gxf6 28. Qxh6+ Ke8 29. Qxf6 Rd8 30. Rg8+ Kd7 31. Qxf7+ Kc8 32. Qxe6+ Kb8 33. h4 Ka7 34. Rxd8 Qxd8 35. g3 Qb6 36. Qg4 Qb1+ 37. Kh2 Qxd3 38. h5 Ba4 39. h6 Bd1 40. Qf4 Bf3 41. Kh3 Qf1+ 42. Kh4 Qh1+ 43. Kg5 Qh5+ 44. Kf6 Be4 45. e6 Qg6+ 46. Ke5 Kb6 47. Qf6 Qh5+ 48. Kf4 Kc6 49. g4 Qh1 50. Kg5 Bf3 51. e7+ Kd7 52. Qf7 Qc1+ 53. Kg6 Be4+ 54. Kh5 1-0

[Event "Slovakia Open Piestany-A 2022"]
[Site "Piestany"]
[Date "2022.07.13"]
[Round "3.17"]
[White "Tripodi, Enzo"]
[Black "Bhambure, Shantanu"]
[Result "1/2-1/2"]
[ECO "B90"]
[WhiteElo "2141"]
[BlackElo "2320"]
[Annotator "ChessBase"]
[PlyCount "61"]
[EventDate "2022.07.12"]
[EventType "swiss"]
[EventCountry "SVK"]
[SourceTitle "playchess.com"]
[Source "ChessBase"]
[SourceQuality "1"]
[TimeControl "40/5400+30:1800+30"]

1. e4 c5 2. Nf3 d6 3. d4 cxd4 4. Nxd4 Nf6 5. Nc3 a6 6. Be3 e5 7. Nb3 Be6 8. Qd2 Be7 9. O-O-O Nbd7 10. Kb1 b5 11. h3 Nb6 12. f4 b4 13. Qf2 bxc3 14. Bxb6 Qb8 15. Bd3 O-O 16. Ba5 cxb2 17. g4 Qb7 18. Rhe1 exf4 19. Qxf4 Rfc8 20. Qf2 d5 21. exd5 Bxd5 22. g5 Nh5 23. Bxh7+ Kxh7 24. Qf5+ Kg8 25. Qxd5 Qxd5 26. Rxd5 Nf4 27. Rf5 Ne6 28. h4 g6 29. Rfe5 Bf8 30. R5e4 Bg7 31. c3 1/2-1/2

[Event "Slovakia Open Piestany-A 2022"]
[Site "Piestany"]
[Date "2022.07.13"]
[Round "3.18"]
[White "Pniaczek, Marek"]
[Black "Holly, Andrej"]
[Result "1-0"]
[ECO "C02"]
[WhiteElo "2312"]
[BlackElo "2213"]
[Annotator "ChessBase"]
[PlyCount "107"]
[EventDate "2022.07.12"]
[EventType "swiss"]
[EventCountry "SVK"]
[SourceTitle "playchess.com"]
[Source "ChessBase"]
[SourceQuality "1"]
[TimeControl "40/5400+30:1800+30"]

1. e4 e6 2. d4 d5 3. e5 c5 4. c3 Nc6 5. Nf3 Bd7 6. Na3 Nge7 7. Nc2 Ng6 8. Bd3 Be7 9. O-O O-O 10. Be3 cxd4 11. cxd4 f6 12. exf6 Bxf6 13. Bxg6 hxg6 14. Qd3 g5 15. h3 Be8 16. Qd2 Bg6 17. Rac1 Be4 18. Nxg5 Bxc2 19. Rxc2 Nxd4 20. Bxd4 Bxg5 21. Qe2 Qd7 22. Re1 Bf6 23. Bxf6 Rxf6 24. Qe5 Rc8 25. Rec1 Rxc2 26. Rxc2 Rf7 27. Qb8+ Rf8 28. Qxa7 d4 29. Rd2 e5 30. Qc5 Qf5 31. Qc2 Qe6 32. b3 b5 33. Qc5 Rc8 34. Qxb5 Rc1+ 35. Kh2 Qh6 36. Qd5+ Kh8 37. Re2 Qf4+ 38. g3 Qf5 39. Qxe5 Qxe5 40. Rxe5 Rc2 41. Kg2 Rxa2 42. Rd5 Rb2 43. Rxd4 Rxb3 44. h4 Kh7 45. Rd6 Rb4 46. f3 Rb2+ 47. Kh3 Rb3 48. Kg4 Rb4+ 49. f4 Rb5 50. f5 Rb4+ 51. Kg5 Rb3 52. g4 Rf3 53. h5 Rf2 54. Rd7 1-0

[Event "Slovakia Open Piestany-A 2022"]
[Site "Piestany"]
[Date "2022.07.13"]
[Round "3.19"]
[White "Svana, Peter"]
[Black "Travnicek, Krystof Mikulas"]
[Result "1/2-1/2"]
[ECO "A37"]
[WhiteElo "2280"]
[BlackElo "2138"]
[Annotator "ChessBase"]
[PlyCount "77"]
[EventDate "2022.07.12"]
[EventType "swiss"]
[EventCountry "SVK"]
[SourceTitle "playchess.com"]
[Source "ChessBase"]
[SourceQuality "1"]
[TimeControl "40/5400+30:1800+30"]

1. Nf3 c5 2. c4 g6 3. Nc3 Bg7 4. g3 Nc6 5. Bg2 d6 6. O-O e5 7. d3 Nge7 8. a3 a5 9. Rb1 O-O 10. Ne1 Be6 11. Nd5 Rb8 12. Bd2 b5 13. Nc2 f5 14. b4 axb4 15. axb4 bxc4 16. dxc4 e4 17. Bf4 Bxd5 18. cxd5 Nxb4 19. Nxb4 Rxb4 20. Rxb4 cxb4 21. Qb3 Qb6 22. Rb1 Rc8 23. g4 Bc3 24. gxf5 gxf5 25. Bh3 Qc7 26. Kh1 Ng6 27. Rg1 Kh8 28. Bh6 Qf7 29. f3 exf3 30. exf3 Re8 31. Qa4 Bg7 32. Bxg7+ Kxg7 33. Bxf5 Qxf5 34. Qxe8 Qxf3+ 35. Rg2 Qd1+ 36. Rg1 Qxd5+ 37. Rg2 Qd1+ 38. Rg1 Qf3+ 39. Rg2 1/2-1/2

[Event "Slovakia Open Piestany-A 2022"]
[Site "Piestany"]
[Date "2022.07.13"]
[Round "3.20"]
[White "Palchuk, Andrii"]
[Black "Brhel, Jan"]
[Result "1/2-1/2"]
[ECO "D23"]
[WhiteElo "2248"]
[BlackElo "2018"]
[Annotator "ChessBase"]
[PlyCount "33"]
[EventDate "2022.07.12"]
[EventType "swiss"]
[EventCountry "SVK"]
[SourceTitle "playchess.com"]
[Source "ChessBase"]
[SourceQuality "1"]
[TimeControl "40/5400+30:1800+30"]

1. d4 d5 2. Nf3 Nf6 3. c4 c6 4. Qb3 dxc4 5. Qxc4 Bf5 6. g3 e6 7. Bg2 Be7 8. O-O Nbd7 9. Nc3 O-O 10. e3 b5 11. Qe2 b4 12. Na4 Qa5 13. b3 Qb5 14. Qd1 Ne4 15. Nd2 Nxd2 16. Bxd2 Rad8 17. e4 1/2-1/2

[Event "Slovakia Open Piestany-A 2022"]
[Site "Piestany"]
[Date "2022.07.13"]
[Round "3.21"]
[White "Soham Datar"]
[Black "Pacher, Milan"]
[Result "0-1"]
[ECO "B56"]
[WhiteElo "2111"]
[BlackElo "2399"]
[Annotator "ChessBase"]
[PlyCount "120"]
[EventDate "2022.07.12"]
[EventType "swiss"]
[EventCountry "SVK"]
[SourceTitle "playchess.com"]
[Source "ChessBase"]
[SourceQuality "1"]
[TimeControl "40/5400+30:1800+30"]

1. e4 c5 2. Nf3 Nc6 3. Nc3 d6 4. d4 cxd4 5. Nxd4 Nf6 6. Nd5 Nxd5 7. exd5 Qa5+ 8. Bd2 Qxd5 9. Nb5 Qe6+ 10. Be2 Qd7 11. c4 a6 12. Nc3 e6 13. O-O Be7 14. Na4 Qc7 15. Be3 O-O 16. Nb6 Rb8 17. Rc1 Rd8 18. Qd2 Bd7 19. f4 Be8 20. b4 Bf8 21. Bf3 Ne7 22. b5 g6 23. a4 Nf5 24. Bf2 h5 25. Be4 Nh6 26. h3 axb5 27. cxb5 Qe7 28. Bd3 d5 29. Bd4 Qb4 30. Qe3 Bg7 31. Bc5 Qa5 32. Qe1 Qxe1 33. Rfxe1 Nf5 34. Rb1 Bc3 35. Bxf5 gxf5 36. Red1 Ba5 37. Rd3 f6 38. g4 hxg4 39. hxg4 Bg6 40. g5 fxg5 41. Rg3 g4 42. Rb2 Kf7 43. Re2 Bxb6 44. Bxb6 Rdc8 45. Rge3 Rc1+ 46. Kg2 Re8 47. a5 Rb1 48. Rc3 Rxb5 49. Rc7+ Re7 50. Rec2 e5 51. Rxe7+ Kxe7 52. Rc7+ Ke6 53. Rxb7 d4 54. a6 Be8 55. Rb8 Bc6+ 56. Kg3 d3 57. a7 d2 58. Rc8 Bd5 59. Re8+ Kf7 60. Rd8 d1=Q 0-1

[Event "Slovakia Open Piestany-A 2022"]
[Site "Piestany"]
[Date "2022.07.13"]
[Round "3.22"]
[White "Compel, Daniel"]
[Black "Domalchuk-Jonasson, Aleksandr"]
[Result "1/2-1/2"]
[ECO "A13"]
[WhiteElo "2098"]
[BlackElo "2244"]
[Annotator "ChessBase"]
[PlyCount "73"]
[EventDate "2022.07.12"]
[EventType "swiss"]
[EventCountry "SVK"]
[SourceTitle "playchess.com"]
[Source "ChessBase"]
[SourceQuality "1"]
[TimeControl "40/5400+30:1800+30"]

1. c4 Nf6 2. Nf3 e6 3. Nc3 d5 4. e3 Be7 5. b3 O-O 6. Bb2 c5 7. cxd5 Nxd5 8. h4 h6 9. Qb1 Nc6 10. Bc4 f5 11. g4 fxg4 12. Nxd5 exd5 13. Qg6 Rf7 14. Bd3 Kf8 15. Ng5 Bxg5 16. hxg5 Qxg5 17. Qxg5 hxg5 18. Bg6 Bf5 19. Bxf5 Ke7 20. Bg6 Rf3 21. Rh7 Kd6 22. a3 Ne7 23. Bd3 Raf8 24. Rxg7 g3 25. fxg3 d4 26. O-O-O Rxg3 27. Rh1 dxe3 28. Rh6+ Kd7 29. Bb5+ Kc8 30. Rxe7 exd2+ 31. Kxd2 Rxb3 32. Be5 Rxb5 33. Rc7+ Kd8 34. Rhh7 c4 35. Rxb7 Rxb7 36. Rxb7 Rf5 37. Bd4 1/2-1/2

[Event "Slovakia Open Piestany-A 2022"]
[Site "Piestany"]
[Date "2022.07.13"]
[Round "3.23"]
[White "Leszko, Bence"]
[Black "Zdrazil, Patrik"]
[Result "1-0"]
[ECO "C11"]
[WhiteElo "2241"]
[BlackElo "2103"]
[Annotator "ChessBase"]
[PlyCount "61"]
[EventDate "2022.07.12"]
[EventType "swiss"]
[EventCountry "SVK"]
[SourceTitle "playchess.com"]
[Source "ChessBase"]
[SourceQuality "1"]
[TimeControl "40/5400+30:1800+30"]

1. e4 e6 2. d4 d5 3. Nc3 Nf6 4. e5 Nfd7 5. Nce2 c5 6. c3 Nc6 7. f4 Qb6 8. a3 f6 9. Nf3 Be7 10. Ng3 O-O 11. Bd3 cxd4 12. cxd4 f5 13. Ne2 Qd8 14. b4 Nb6 15. Nd2 Bd7 16. Bb2 Na4 17. Qxa4 Nxb4 18. Qb3 Ba4 19. Qc3 Rc8 20. axb4 Rxc3 21. Bxc3 Qd7 22. Kf2 Rc8 23. Ke3 g5 24. g3 Kh8 25. b5 Bxb5 26. Bxb5 Qxb5 27. Rhb1 Qe8 28. Rxb7 gxf4+ 29. gxf4 Qh5 30. Rxe7 Qxh2 31. Raxa7 1-0